 Dungeon Crawl Stone Soup version 0.24-a0-434-gd57e52fea8 (webtiles) character file.

Game seed: 11340021550453432578

1167 MachJacob the Ogre Mage (level 8, 0/80 HPs)
             Began as an Ogre Ice Elementalist on June 17, 2019.
             Was an Initiate of Sif Muna.
             Slain by Harold
             ... wielding a +0 short sword
              (16 damage)
             ... on level 8 of the Dungeon.
             The game lasted 00:26:10 (7518 turns).

MachJacob the Ogre Mage (Ogre Ice Elementalist)     Turns: 7518, Time: 00:26:11

Health: 0/80       AC:  9    Str: 13    XL:     8   Next: 40%
Magic:  10/15      EV:  5    Int: 18    God:    Sif Muna [......]
Gold:   233        SH:  0    Dex:  9    Spells: 11/17 levels left

rFire    . . .     SeeInvis .   b - +0 hunting sling
rCold    . . .     Gourm    .   (no shield)
rNeg     + . .     Faith    .   q - +2 robe {rN+}
rPois    .         Spirit   .   m - +2 hat
rElec    .         Reflect  .   p - +1 cloak (curse)
rCorr    .         Harm     .   (gloves unavailable)
MR       .....                  (boots unavailable)
Stlth    +.........             (no amulet)
HPRegen  0.23/turn              (no ring)
MPRegen  0.14/turn              (no ring)

@: marked, held
A: large, unfitting armour, tough skin 1
a: Renounce Religion


You were on level 8 of the Dungeon.
You worshipped Sif Muna.
Sif Muna was noncommittal.
You were not hungry.

You visited 1 branch of the dungeon, and saw 7 of its levels.

You collected 233 gold pieces.

Inventory:

Hand Weapons
 a - a +0 dagger
   (You took it off a kobold on level 1 of the Dungeon)
 b - a +0 hunting sling (weapon)
   (You took it off a goblin on level 2 of the Dungeon)
 w - a +3 halberd
   (You took it off a gnoll on level 2 of the Dungeon)
 x - a +0 spear of venom
   (You took it off a gnoll on level 3 of the Dungeon)
 C - a +2 trident of protection
   (You took it off an orc on level 3 of the Dungeon)
Missiles
 f - 98 stones
 o - 27 sling bullets (quivered)
Armour
 l - a +0 robe
 m - a +2 hat (worn)
   (You found it on level 1 of the Dungeon)
 p - a cursed +1 cloak (worn)
   (You found it on level 2 of the Dungeon)
 q - a +2 robe of positive energy (worn)
   (You took it off an orc wizard on level 4 of the Dungeon)
Jewellery
 c - a +3 ring of protection {unknown}
   (You found it on level 1 of the Dungeon)
 d - an uncursed ring of protection from magic {unknown}
   (You found it on level 1 of the Dungeon)
 r - an uncursed amulet of the gourmand {unknown}
   (You found it on level 2 of the Dungeon)
 v - an uncursed ring of resist corrosion {unknown}
   (You found it on level 2 of the Dungeon)
Wands
 u - a wand of paralysis (1)
   (You found it on level 8 of the Dungeon)
Scrolls
 g - 4 scrolls of teleportation {@r4}
 k - a scroll of enchant weapon
 n - a scroll of fear
 y - a scroll of enchant armour
Potions
 h - a potion of magic
 i - 4 potions of curing {@q1}
 j - a potion of mutation {unknown}
 s - 3 potions of heal wounds {@q2}
 t - 2 potions of lignification {!q}
 z - a potion of agility {unknown}
 B - a potion of berserk rage
Comestibles
 e - 5 rations {!d}


   Skills:
 + Level 5.0 Fighting
 + Level 1.9 Polearms
 - Level 3.0 Dodging
 - Level 1.4 Stealth
 - Level 5.2 Spellcasting
 - Level 3.0 Conjurations
 - Level 3.1 Charms
 - Level 5.0 Ice Magic


You had 11 spell levels left.
You knew the following spells:

 Your Spells              Type           Power        Failure   Level  Hunger
a - Freeze                Ice            ###.         1%          1    None
b - Ozocubu's Armour      Chrm/Ice       ###.....     8%          3    ##.....
x - Throw Frost           Conj/Ice       ###...       3%          2    #......

Your spell library contained the following spells:

 Spells                   Type           Power        Failure   Level  Hunger
 Magic Dart               Conj           ###.         3%          1    None
 Blink                    Tloc           N/A          21%         2    #......
 Call Imp                 Summ           #.......     21%         2    #......
 Slow                     Hex            #.......     21%         2    #......
 Conjure Flame            Conj/Fire      ##......     22%         3    ##.....
 Mephitic Cloud           Conj/Pois/Air  #.......     26%         3    ##.....
 Throw Icicle             Conj/Ice       ###.....     26%         4    ####...
 Summon Ice Beast         Ice/Summ       ##......     43%         4    ####...
 Iskenderun's Battlesphe  Conj/Chrm      ###.....     71%         5    ######.
 Venom Bolt               Conj/Pois      ##........   89%         5    ######.
 Bolt of Magma            Conj/Fire/Erth #.........   94%         5    ######.
 Iron Shot                Conj/Erth      ##........   100%        6    #######
 Orb of Destruction       Conj           ###.......   100%        7    #######
 Spellforged Servitor     Conj/Summ      ##........   100%        7    #######


Dungeon Overview and Level Annotations

Branches:
Dungeon (5/15)
 Temple: D:4-7

Altars:
Ashenzari
Qazlal
Sif Muna
Vehumet

Annotations:
D:2 exclusion: downstairs
D:3 Grinder
D:8 Harold


Innate Abilities, Weirdness & Mutations

You are too large for most types of armour.
You have tough skin. (AC +1)


Message History

The shadow imp hits you but does no damage.
You closely miss the shadow imp. The shadow imp hits you.
You hit the shadow imp.
You kill the shadow imp!
Sif Muna accepts your kill.
Wield which item (- for none, * to show all)? (? for menu, Esc to quit)
h - a +0 hunting sling (weapon)
Adjust (i)tems, (s)pells, or (a)bilities?
Adjust which item? (? for menu, Esc to quit)
h - a +0 hunting sling (weapon)
Adjust to which letter? (? for menu, Esc to quit)
b - a +0 hunting sling (weapon);
h - a potion of magic Harold the Weathered comes into view.
He is wielding a +0 short sword.
Harold shouts!
Harold throws a throwing net.
The throwing net hits you.
You become entangled in the net!
You see here a throwing net {!f}.
You struggle against the net.
You struggle against the net.
Harold yells, "I don't have all day!"
Harold points at you and mumbles some strange words.
A sentinel's mark forms upon you.
You struggle against the net.
You struggle against the net.
You rip the net and break free!
Harold throws a throwing net.
The throwing net hits you.
You become entangled in the net!
You struggle against the net.
You struggle against the net.
Aim: Harold, wielding a +0 short sword and wearing a +0 ring mail You freeze Harold.
Harold completely misses you.
Aim: Harold, wielding a +0 short sword and wearing a +0 ring mail (lightly wounded)
You freeze Harold. Harold hits you with a +0 short sword!
Aim: Harold, wielding a +0 short sword and wearing a +0 ring mail (lightly wounded)
You freeze Harold. Harold hits you with a +0 short sword.
Aim: Harold, wielding a +0 short sword and wearing a +0 ring mail (lightly wounded)
You freeze Harold! Harold hits you with a +0 short sword!
Aim: Harold, wielding a +0 short sword and wearing a +0 ring mail (lightly wounded)
You freeze Harold. Harold hits you with a +0 short sword!
Aim: Harold, wielding a +0 short sword and wearing a +0 ring mail (lightly wounded)
You freeze Harold! Harold barely misses you.
You struggle against the net.
Harold says happily, "The price on your head will fill my nest egg nicely!"
Harold hits you with a +0 short sword!
* * * LOW HITPOINT WARNING * * *
You struggle against the net.
Harold hits you with a +0 short sword!
* * * LOW HITPOINT WARNING * * *
You struggle against the net.
Harold says, "This is so exciting!
What a great way to end my career!"
Harold hits you with a +0 short sword!
You die...

.# # .# #. .. #. .#
#. .. .###.#.#
......##. #.@......
.. #@# .# ####.#####
.# #........# .#
##.##.###.# ##'##
#.....# #.###...##
#..#### #.##.....##
#..#.## #.#.......##
##.#...###..........#
#.###...............+


You could see Harold.

Vanquished Creatures
  An ice beast (D:4)
  A black bear (D:4)
  An orc warrior (D:4)
  A sky beast (D:8)
  2 ogres (D:4)
  A howler monkey (D:4)
  2 jellies
  2 orc priests (D:4)
  3 orc wizards (D:4)
  A bullfrog skeleton (D:8)
  2 centaur skeletons
  An iguana (D:5)
  2 worker ants
  5 adders
  7 gnolls
  A shadow imp (D:8)
  An ooze (D:4)
  4 dart slugs
  2 leopard geckos
  16 orcs
  A ball python (D:1)
  10 bats
  6 giant cockroaches
  6 goblins
  10 hobgoblins
  4 jackals (D:2)
  3 quokkas
  2 frilled lizards
  A jackal skeleton (D:4)
  A jackal zombie (D:5)
  7 kobolds
  4 rats
111 creatures vanquished.

Notes
Turn   | Place    | Note
-------+----------+-------------------------------------------
     0 | D:1      | MachJacob the Ogre Ice Elementalist began the quest for the
                  | Orb.
     0 | D:1      | Reached XP level 1. HP: 16/16 MP: 3/3
    81 | D:1      | Reached XP level 2. HP: 22/24 MP: 1/5
    91 | D:1      | Learned a level 2 spell: Throw Frost
   145 | D:1      | Reached skill level 1 in Conjurations
   552 | D:1      | Reached XP level 3. HP: 31/31 MP: 4/7
   557 | D:1      | Learned a level 3 spell: Ozocubu's Armour
  1556 | D:2      | Reached XP level 4. HP: 36/39 MP: 5/8
  1971 | D:2      | Found a shattered altar of Ashenzari.
  2589 | D:2      | Reached XP level 5. HP: 30/45 MP: 4/9
  3328 | D:3      | Noticed Grinder
  3949 | D:3      | Paralysed by Grinder for 3 turns
  4150 | D:4      | Noticed an ogre
  4155 | D:4      | Reached XP level 6. HP: 53/53 MP: 6/11
  4562 | D:4      | Reached skill level 1 in Charms
  4562 | D:4      | Reached XP level 7. HP: 59/59 MP: 0/13
  4969 | D:4      | Found a stormy altar of Qazlal.
  4987 | D:4      | Found a radiant altar of Vehumet.
  5274 | D:4      | Reached skill level 5 in Ice Magic
  5351 | D:4      | Reached skill level 1 in Fighting
  6394 | D:4      | Reached skill level 5 in Spellcasting
  6394 | D:4      | Reached XP level 8. HP: 40/75 MP: 15/15
  6745 | D:5      | Entered Level 5 of the Dungeon
  7031 | D:5      | You fall into a shaft and drop 1 floor!
  7039 | D:6      | You fall into a shaft and drop 2 floors!
  7209 | D:8      | Found a deep blue altar of Sif Muna.
  7235 | D:8      | Reached skill level 1 in Polearms
  7314 | D:8      | Became a worshipper of Sif Muna the Loreminder
  7352 | D:8      | Reached skill level 5 in Fighting
  7502 | D:8      | Noticed Harold
  7518 | D:8      | Slain by Harold

Levels and vault maps discovered:
D:1:      lightli_arrival_chessboard, layout_rooms
D:2:      layout_basic, ashenzari_conservatory_becter
D:3:      layout_rooms, first_ration, uniq_grinder
D:4:      layout_basic, lemuel_round_altar, nicolae_qazlal_general_emergency
D:5:      layout_loops_ring, minmay_mini_ossuary
D:6:      layout_basic, kennysheep_mini_moat, minmay_temple_entry_mini_moons,
          basic_altar, serial_shops, shop, uniq_sigmund, uniq_edmund
D:8:      layout_loops_corners, lemuel_doored_altar,
          ebering_ghost_funeral_grove, uniq_harold

Skill      XL: |  1  2  3  4  5  6  7  8 |
---------------+-------------------------+-----
Ice Magic      | 3 4 5 |  5.0
Dodging        | 2 3 |  3.0
Conjurations   | 1 2 3 |  3.0
Spellcasting   | 3 4 5 |  5.2
Charms         | 1 3 |  3.1
Fighting       | 3 5 |  5.0
Polearms       | 1 |  1.9
Stealth        | |  1.4

Action                   |  1- 3 |  4- 6 |  7- 9 || total
-------------------------+-------+-------+-------++-------
Melee: Unarmed           |    17 |       |       ||    17
       Dagger            |     3 |    26 |    57 ||    86
       Halberd           |       |       |     5 ||     5
 Fire: Hunting sling     |       |       |     6 ||     6
Throw: Stone             |    28 |     5 |    10 ||    43
 Cast: Freeze            |    52 |    30 |    45 ||   127
       Throw Frost       |     2 |    73 |    43 ||   118
       Ozocubu's Armour  |       |       |     1 ||     1
  Use: Scroll            |       |    10 |     3 ||    13
  Eat: Chunk             |     2 |    12 |     5 ||    19
       Ration            |       |       |     2 ||     2
Armor: Robe              |    25 |    14 |    42 ||    81
Dodge: Dodged            |    42 |    26 |    39 ||   107

Table legend:
 A = Non-vault XP
 B = Vault XP
 C = Vault XP percentage of total XP
 D = Non-vault monster count
 E = Vault monster count
 F = Vault count percentage of total count
                 A         B        C        D         E       F
            +---------+---------+-------+---------+---------+-------
      Total |    1668 |       0 |   0.0 |     111 |       0 |   0.0
            +---------+---------+-------+---------+---------+-------
        D:1 |      47 |       0 |   0.0 |      26 |       0 |   0.0
        D:2 |     173 |       0 |   0.0 |      32 |       0 |   0.0
        D:3 |      98 |       0 |   0.0 |      18 |       0 |   0.0
        D:4 |    1005 |       0 |   0.0 |      26 |       0 |   0.0
        D:5 |      86 |       0 |   0.0 |       4 |       0 |   0.0
        D:8 |     259 |       0 |   0.0 |       5 |       0 |   0.0
            +---------+---------+-------+---------+---------+-------
